 Dungeon Crawl Stone Soup version 0.24-a0-611-gfb3efd0 (webtiles) character file.

Game seed: 4759505687447364304, levelgen mode: deterministic

9611 Dorkslayer the Covert (level 11, -3/75 HPs)
             Began as an Octopode Fighter on Sept 9, 2019.
             Was an Elder of Dithmenos.
             Slain by a troll (19 damage)
             ... on level 1 of the Orcish Mines.
             The game lasted 01:01:28 (9175 turns).

Dorkslayer the Covert (Octopode Fighter)            Turns: 9175, Time: 01:01:28

Health: -3/75      AC:  1    Str: 19    XL:     11   Next: 49%
Magic:  17/17      EV: 14    Int: 10    God:    Dithmenos [****..]
Gold:   835        SH: 15    Dex: 12    Spells: 16/18 levels left

rFire    . . .     SeeInvis .   r - +4 short sword (elec)
rCold    . . .     Gourm    .   b - +5 shield
rNeg     . . .     Faith    +   (helmet restricted)
rPois    .         Spirit   .   g - amulet of faith
rElec    .         Reflect  .   (no ring)
rCorr    .         Harm     .   (no ring)
MR       .....                  (no ring)
Stlth    ++++++++..             (no ring)
HPRegen  0.22/turn              (no ring)
MPRegen  0.15/turn              (no ring)
                                (no ring)
                                (no ring)

@: wreathed by umbra
A: almost no armour, stealthy swim, amphibious, 8 rings, constrict 8, camouflage
1, gelatinous body 1
a: Shadow Step, Renounce Religion


You were on level 1 of the Orcish Mines.
You worshipped Dithmenos.
Dithmenos was greatly pleased with you.
You were not hungry.

You visited 3 branches of the dungeon, and saw 12 of its levels.
You also visited: Sewer.

You collected 835 gold pieces.

Inventory:

Hand Weapons
 a - a +0 long sword
 k - a +0 dagger of protection
 r - a +4 short sword of electrocution (weapon)
Missiles
 e - 2 throwing nets
 i - 24 poisoned darts
 m - 12 boomerangs (quivered)
 x - 4 atropa-tipped darts
Armour
 b - a +5 shield (worn)
Jewellery
 g - an amulet of faith (around mantle)
Wands
 c - a wand of paralysis (17)
 t - a wand of scattershot (3)
 B - a wand of acid (6)
Scrolls
 f - 6 scrolls of teleportation
 h - a scroll of magic mapping {unknown}
 j - a scroll of blinking {unknown}
 o - 2 scrolls of immolation
 s - 3 scrolls of fog
 y - a scroll of amnesia {unknown}
 z - a scroll of silence {unknown}
Potions
 l - 2 potions of flight
 p - 5 potions of curing
 u - a potion of agility
 v - a potion of lignification
 w - a potion of brilliance {unknown}
 A - a potion of cancellation {unknown}
Comestibles
 d - 12 rations
 n - 18 chunks of flesh


   Skills:
 * Level 7.4 Fighting
 + Level 7.5(7.8) Short Blades
 + Level 2.8(5.6) Long Blades
 + Level 3.8 Throwing
 + Level 5.8 Dodging
 + Level 10.4 Stealth
 + Level 6.1 Shields
 * Level 4.4 Spellcasting
 * Level 4.6 Invocations
 * Level 6.5 Evocations


You had 16 spell levels left.
You knew the following spells:

 Your Spells              Type           Power        Failure   Level  Hunger
a - Sandblast             Erth           #.....       58%         1    #......
b - Corona                Hex            #......      58%         1    #......

Your spell library contained the following spells:

 Spells                   Type           Power        Failure   Level  Hunger
 Ensorcelled Hibernation  Hex/Ice        #.....       75%         2    ##.....
 Passwall                 Tmut/Erth      #.......     75%         2    ##.....
 Confuse                  Hex            #.......     92%         3    ###....
 Dazzling Spray           Conj/Hex       #.....       92%         3    ###....
 Stone Arrow              Conj/Erth      #.....       92%         3    ###....
 Tukima's Dance           Hex            #.......     92%         3    ###....
 Petrify                  Tmut/Erth      #.......     100%        4    #####..
 Lee's Rapid Deconstruct  Erth           #.........   100%        5    ######.


Dungeon Overview and Level Annotations

Branches:
Dungeon (10/15)            Temple (1/1) D:7            Lair (0/6) D:10
    Orc (1/2) D:10          Sewer (visited)

Altars:
Ashenzari
Cheibriados
Dithmenos
Elyvilon
Hepliaklqana
Kikubaaqudgha
Makhleb
Nemelex Xobeh
Okawaru
Qazlal
Ru
Sif Muna
Trog
Vehumet
Xom
Yredelemnul
Zin
The Shining One
Beogh

Annotations:
D:9 2 transporters


Innate Abilities, Weirdness & Mutations

You cannot wear most types of armour.
You are very stealthy in the water. (Stealth+)
You are amphibious.
You can wear up to eight rings at the same time.
You can use your tentacles to constrict eight enemies at once.
Your skin changes colour to match your surroundings (Stealth+).
Your rubbery body absorbs attacks. (AC +1, EV +1)


Message History

You closely miss the troll.
The troll is almost dead.
You block the troll's attack. x3
You closely miss the troll. You squeeze the troll.
The troll is almost dead.
The troll completely misses you. You block the troll's attack.
The troll claws you!
You closely miss the troll.
The troll is almost dead.
You block the troll's attack. The troll claws you!
* * * LOW HITPOINT WARNING * * *
You block the troll's attack.
You hit the troll. Your squeeze misses the troll.
The troll is almost dead.
Your shadow barely misses the troll.
An orc wizard comes into view. It is wielding a +0 dagger.
You hit the troll but do no damage. Your squeeze misses the troll.
The troll is almost dead.
The troll bites you!!
You die...

....#.## ......# ### #.....##
####.### ...... ##.#....## .
#.... #...#....# ..# ##...# ###
##......#### ....##....#
##.###....#...#.##
..........####@...............#
#.....รท.....##T...........#...
##............o............#.#
#.................#......####
#...............)[)##.....##
....######++######..####....#
#.... #.## ##...## .... ###
#.....# .... ##.....


You could see a troll and an orc wizard.

Vanquished Creatures
  Harold (D:9)
  An orc knight (D:10)
  An orc sorcerer (Orc:1)
  A troll (Orc:1)
  3 hornets (D:10)
  5 hippogriffs
  2 wyverns (D:8)
  Menkaure (D:6)
  2 wargs (Orc:1)
  A soldier ant (D:10)
  Duvessa (D:4)
  11 orc warriors
  3 sky beasts
  4 ice beasts
  5 phantoms
  A necrophage (D:9)
  4 ogres
  4 centaurs
  2 big kobolds (D:8)
  4 bullfrogs
  Dowan (D:4)
  A wyvern skeleton (D:10)
  4 scorpions
  4 killer bees (D:5)
  2 howler monkeys (D:10)
  3 crimson imps
  4 jellies
  4 hounds
  8 orc priests
  16 orc wizards
  3 iguanas
  8 worker ants
  A hound zombie (D:7)
  A hound skeleton (D:5)
  14 adders
  3 shadow imps
  7 oozes
  2 adder skeletons (D:6)
  2 adder zombies
  A worm (D:3)
  2 dart slugs (D:1)
  11 leopard geckos
  58 orcs
  12 ball pythons
  16 giant cockroaches
  5 hobgoblins
  19 jackals
  12 quokkas
  4 bats (D:1)
  15 frilled lizards
  6 goblins
  A jackal zombie (D:9)
  19 kobolds
  3 quokka zombies
  5 rats
334 creatures vanquished.

Notes
Turn   | Place    | Note
-------+----------+-------------------------------------------
     0 | D:1      | Dorkslayer the Octopode Fighter began the quest for the
                  | Orb.
     0 | D:1      | Reached XP level 1. HP: 16/16 MP: 1/1
   175 | D:1      | Reached XP level 2. HP: 10/21 MP: 2/2
   600 | D:1      | Reached XP level 3. HP: 24/26 MP: 3/3
  1170 | D:2      | Found a burning altar of Makhleb.
  1176 | D:2      | Reached skill level 1 in Stealth
  1176 | D:2      | Reached XP level 4. HP: 28/31 MP: 4/4
  1429 | D:3      | Reached skill level 2 in Stealth
  1628 | D:3      | Found a glowing drain.
  1636 | D:3      | Reached XP level 5. HP: 36/36 MP: 5/5
  1642 | Sewer    | Entered a sewer
  1726 | Sewer    | Reached skill level 1 in Short Blades
  1758 | Sewer    | Reached skill level 3 in Stealth
  1890 | Sewer    | Reached XP level 6. HP: 33/43 MP: 6/6
  2037 | D:3      | Reached skill level 4 in Stealth
  2454 | D:4      | Noticed a phantom
  2487 | D:4      | Killed a phantom
  2487 | D:4      | Reached skill level 5 in Stealth
  2487 | D:4      | Reached XP level 7. HP: 44/48 MP: 7/7
  2718 | D:4      | Noticed Dowan
  2718 | D:4      | Noticed Duvessa
  2728 | D:4      | Killed Duvessa
  2728 | D:4      | Reached skill level 1 in Throwing
  2728 | D:4      | Reached skill level 6 in Stealth
  2731 | D:4      | Killed Dowan
  3083 | D:5      | Entered Level 5 of the Dungeon
  3102 | D:5      | Reached XP level 8. HP: 46/54 MP: 8/8
  3132 | D:5      | Reached skill level 7 in Stealth
  3132 | D:5      | Reached skill level 1 in Evocations
  3167 | D:5      | Reached skill level 5 in Fighting
  3665 | D:5      | Reached skill level 8 in Stealth
  3928 | D:5      | Reached XP level 9. HP: 61/61 MP: 11/11
  4175 | D:6      | Noticed Menkaure
  4180 | D:6      | Killed Menkaure
  4254 | D:6      | You fall into a shaft and drop 1 floor!
  4266 | D:7      | Reached skill level 5 in Short Blades
  4281 | D:7      | Learned a level 1 spell: Sandblast
  4298 | D:7      | Reached skill level 5 in Dodging
  4314 | D:7      | Reached skill level 1 in Spellcasting
  4760 | D:7      | Reached skill level 5 in Shields
  4874 | D:7      | Found a staircase to the Ecumenical Temple.
  4887 | Temple   | Entered the Ecumenical Temple
  4921 | Temple   | Became a worshipper of Dithmenos the Shadowed
  5626 | D:8      | Reached skill level 1 in Invocations
  5650 | D:8      | Reached XP level 10. HP: 68/68 MP: 13/13
  5798 | D:8      | Reached skill level 9 in Stealth
  6017 | D:8      | Reached * piety under Dithmenos
  6077 | D:8      | Reached skill level 5 in Evocations
  6417 | D:9      | Found a sparkling altar of Nemelex Xobeh.
  6745 | D:9      | Found a bloodstained altar of Trog.
  7081 | D:9      | Found a sacrificial altar of Ru.
  7130 | D:9      | Noticed a centaur warrior
  7132 | D:9      | Found a transporter.
  7134 | D:9      | Noticed a cyan ugly thing
  7137 | D:9      | Noticed a sphinx
  7145 | D:9      | Found a transporter.
  7146 | D:9      | Found the macabre finger necklace {rN+}
  7177 | D:9      | Upgraded the game from 0.24-a0-592-g9a1d66b to
                  | 0.24-a0-611-gfb3efd0
  7285 | D:9      | Noticed Harold
  7288 | D:9      | Reached ** piety under Dithmenos
  7303 | D:9      | Killed Harold
  7578 | D:10     | Entered Level 10 of the Dungeon
  7762 | D:10     | Learned a level 1 spell: Corona
  7859 | D:10     | Noticed an orc knight
  7861 | D:10     | Found a roughly hewn altar of Beogh.
  7861 | D:10     | Found a staircase to the Orcish Mines.
  7866 | D:10     | Reached XP level 11. HP: 64/74 MP: 16/16
  7878 | D:10     | Reached skill level 10 in Stealth
  7916 | D:10     | Killed an orc knight
  8150 | D:10     | Reached *** piety under Dithmenos
  8508 | D:10     | Found a staircase to the Lair.
  8697 | Orc:1    | Entered Level 1 of the Orcish Mines
  8743 | Orc:1    | Noticed an orc sorcerer
  8765 | Orc:1    | Killed an orc sorcerer
  8976 | Orc:1    | Reached **** piety under Dithmenos
  9175 | Orc:1    | Slain by a troll

Levels and vault maps discovered:
D:1:      lightli_arrival_noodles, layout_basic
D:2:      layout_loops_cross, makhleb_heckhound_becter,
          chequers_serial_rivers_marsh, roderic_cross_of_infinity,
          minmay_misc_feat_pillars
D:3:      layout_rooms, serial_corexii_hall, corexii_hall_statues_x,
          corexii_hall_statues_deadend, corexii_hall_statues_l,
          chequers_hall_statues_y, first_ration, portal_sewer_entry_d
D:4:      layout_basic, uniq_duvessa
D:5:      layout_loops_ring
D:6:      layout_cave_pools, uniq_menkaure
D:7:      minmay_flawed_box, layout_loops_ring, minmay_temple_entry_slanted
D:8:      layout_layer_cave
D:9:      gammafunk_sealed_arena, layout_layer_cave, nicolae_ru_path_of_blood,
          kennysheep_mini, nemelex_xobeh_ov_fountains_minmay, uniq_harold
D:10:     layout_roguey, lair_entry_dummy, david_orc_5,
          hangedman_pestilent_swarm, minmay_strange_pillars,
          chequers_serial_rivers_micro_e
Temple:   compressed_dpeg_circular_temple
Orc:1:    layout_diamond_mine, basic_altar, hangedman_minor_magic

Skill      XL: |  1  2  3  4  5  6  7  8  9 10 11 |
---------------+----------------------------------+-----
Stealth        | 1 2 3 5 6 8 9 10 | 10.4
Short Blades   | 1 2 3 4 5 7 |  7.5
Dodging        | 4 5 |  5.8
Fighting       | 4 5 6 7 |  7.4
Shields        | 4 5 6 |  6.1
Throwing       | 1 2 3 |  3.8
Evocations     | 3 4 5 6 |  6.5
Spellcasting   | 2 3 4 |  4.4
Invocations    | 1 3 4 |  4.6
Long Blades    | |  2.8

Action                   |  1- 3 |  4- 6 |  7- 9 | 10-12 || total
-------------------------+-------+-------+-------+-------++-------
Melee: Long sword        |    49 |       |       |       ||    49
       Constrict         |    18 |    21 |    46 |    43 ||   128
       Tentacles         |    10 |    23 |    45 |    49 ||   127
       Short sword       |     3 |   140 |   229 |   242 ||   614
Throw: Dart              |       |     6 |       |    23 ||    29
       Boomerang         |       |     5 |    23 |    18 ||    46
       Throwing net      |       |       |       |     2 ||     2
Evoke: Wand              |       |       |     3 |     4 ||     7
  Use: Scroll            |     1 |     7 |    10 |     3 ||    21
       Potion            |       |     2 |     6 |     9 ||    17
 Stab: Sleeping          |     6 |    11 |    13 |    13 ||    43
       Distracted        |       |       |     1 |       ||     1
       Paralysed         |       |       |     2 |     1 ||     3
       Invisible         |       |       |       |     3 ||     3
  Eat: Ration            |       |     1 |       |     1 ||     2
       Chunk             |       |     2 |    10 |     9 ||    21
Armor: Skin              |     4 |     5 |     4 |     2 ||    15
Dodge: Dodged            |    20 |    50 |    51 |    70 ||   191
Block: Shield            |    22 |    71 |    97 |   132 ||   322
       Rpst.: Long sword |     6 |       |       |       ||     6

Table legend:
 A = Non-vault XP
 B = Vault XP
 C = Vault XP percentage of total XP
 D = Non-vault monster count
 E = Vault monster count
 F = Vault count percentage of total count
                 A         B        C        D         E       F
            +---------+---------+-------+---------+---------+-------
      Total |    9119 |    4611 |  33.6 |     229 |     105 |  31.4
            +---------+---------+-------+---------+---------+-------
        D:1 |      40 |       0 |   0.0 |      20 |       0 |   0.0
        D:2 |      13 |      42 |  76.4 |       7 |       1 |  12.5
        D:3 |      73 |      13 |  15.1 |      19 |       1 |   5.0
        D:4 |     402 |     230 |  36.4 |      26 |       2 |   7.1
        D:5 |    1272 |       0 |   0.0 |      38 |       0 |   0.0
        D:6 |     361 |     169 |  31.9 |       9 |       1 |  10.0
        D:7 |     961 |     299 |  23.7 |      23 |       8 |  25.8
        D:8 |    2088 |       0 |   0.0 |      36 |       0 |   0.0
        D:9 |    1324 |     997 |  43.0 |      20 |       1 |   4.8
       D:10 |     773 |    2569 |  76.9 |      11 |      28 |  71.8
      Orc:1 |    1812 |      12 |   0.7 |      20 |       4 |  16.7
      Sewer |       0 |     280 | 100.0 |       0 |      59 | 100.0
            +---------+---------+-------+---------+---------+-------
